 Dungeon Crawl Stone Soup version 0.18-a0-1273-g8ec5f8e (webtiles) character file.

455 4thArraOfDagon the Bolt Thrower (level 6, -1/46 HPs)
             Began as a Demigod Arcane Marksman on Feb 7, 2016.
             Slain by a gnoll
             ... wielding a +0 spear
              (9 damage)
             ... on level 7 of the Dungeon.
             The game lasted 00:07:13 (1209 turns).

4thArraOfDagon the Bolt Thrower (DgAM)              Turns: 1209, Time: 00:07:13

Health: -1/46      AC:  3    Str: 16    XL:     6   Next: 47%
Magic:  10/10      EV: 12    Int: 17    God:
Gold:   103        SH:  0    Dex: 17    Spells: 1 memorised, 6 levels left

rFire  . . .     SeeInvis .     a - +0 hand crossbow
rCold  . . .     Gourm    .     b - +0 robe
rNeg   . . .     Faith    .     (no shield)
rPois  .         Spirit   .     (no helmet)
rElec  .         Dismiss  .     j - +0 cloak
rCorr  .         Reflect  .     (no gloves)
SustAt +         Harm     .     (no boots)
MR     .....                    (no amulet)
Stlth  ++........               (no ring)
                                (no ring)

@: very slightly contaminated, not resistant to hostile enchantments, unstealthy
A: high mp 1, sustain attributes
a: no special abilities


You were on level 7 of the Dungeon.
You were not hungry.

You visited 1 branch of the dungeon, and saw 7 of its levels.

You collected 103 gold pieces.

Inventory:

Hand Weapons
 a - a +0 hand crossbow (weapon)
 k - a +0 spear
 u - a +0 trident
Missiles
 o - 3 curare-tipped needles
Armour
 b - a +0 robe (worn)
 j - a +0 cloak (worn)
Jewellery
 q - an uncursed ring of ice
Wands
 t - a wand of iceblast (0/15)
Scrolls
 d - a scroll of enchant weapon {unknown}
 e - a scroll of remove curse {unknown}
Potions
 g - a potion of cancellation
 p - 2 potions of brilliance
 s - a potion of flight
Books
 c - a book of Debilitation

   Spells                             Type                      Level
   a - Corona                         Hexes                        1
   b - Slow                           Hexes                        2
   c - Gell's Gravitas                Hexes/Translocation          3
   d - Inner Flame                    Hexes/Fire                   3
   e - Cause Fear                     Hexes                        4
   f - Leda's Liquefaction            Hexes/Earth                  4
Comestibles
 f - 4 bread rations
 h - a slice of pizza
 n - a beef jerky
 v - 3 chunks of flesh


   Skills:
 - Level 0.8 Fighting
 * Level 6.7 Crossbows
 - Level 1.7 Dodging
 - Level 1.0 Spellcasting
 - Level 2.6 Hexes


You had 6 spell levels left.
You knew the following spells:

 Your Spells              Type           Power        Failure   Level  Hunger
a - Corona                Hex            #......      10%         1    ##.....


Dungeon Overview and Level Annotations

Branches:
Dungeon (7/15)
 Temple: D:4-7

Annotations:
D:4 Edmund


Innate Abilities, Weirdness & Mutations

You have an increased reservoir of magic (+10% MP).
Your attributes are resistant to harm.


Message History

The gnoll hits you but does no damage. The hound closely misses you.
Unknown command.
Unknown command.
Firing (i - inventory):
i - a bolt (quivered)
Press: ? - help, Shift-Dir - straight line, f/p - gnoll
Aim: a gnoll, wielding a spear (moderately wounded)
You shoot a bolt. The bolt hits the hound.
You kill the hound!
The gnoll hits you but does no damage.
The gnoll hits you from afar with a spear.
* * * LOW HITPOINT WARNING * * *
Unknown command.
Unknown command.
Firing (i - inventory): No suitable missiles.
Press: ? - help, Shift-Dir - straight line, f/p - gnoll
Aim: a gnoll, wielding a spear (moderately wounded)
Okay, then.
Unknown command.
The gnoll hits you with a spear!
You die...

.....(.....#
......(....#
###
.........#.#...
(........#g#.#
###########
#####...)#...#
#........<#
#......###
#.#########
######.# #)#
#(#####.#
#..g@.#.#
#####.#.# #...#
#####


You could see a gnoll.

Vanquished Creatures
  An ogre (D:7)
  A gnoll sergeant (D:6)
  A scorpion (D:5)
  4 hounds
  A giant frog zombie (D:5)
  A giant frog skeleton (D:6)
  A worker ant (D:5)
  2 gnolls
  An orc (D:3)
  5 bats
  4 giant cockroaches
  6 hobgoblins
  5 kobolds
  A quokka (D:3)
  A giant newt (D:2)
  4 goblins
  5 rats
44 creatures vanquished.

Notes
Turn   | Place    | Note
--------------------------------------------------------------
     0 | D:1      | 4thArraOfDagon the Demigod Arcane Marksman began the quest for the Orb.
     0 | D:1      | Reached XP level 1. HP: 15/15 MP: 4/4
   155 | D:2      | Reached XP level 2. HP: 16/22 MP: 5/5
   177 | D:2      | Found a glowing silver altar of Zin.
   371 | D:3      | Reached skill level 3 in Crossbows
   528 | D:3      | Reached XP level 3. HP: 23/27 MP: 6/6
   556 | D:4      | Noticed Edmund
   557 | D:5      | Entered Level 5 of the Dungeon
   605 | D:5      | Noticed a scorpion
   646 | D:5      | Killed a scorpion
   646 | D:5      | Reached skill level 4 in Crossbows
   646 | D:5      | Reached XP level 4. HP: 22/34 MP: 8/8
   850 | D:6      | Reached skill level 5 in Crossbows
   850 | D:6      | Reached XP level 5. HP: 11/39 MP: 9/9
  1049 | D:7      | Noticed an ogre
  1053 | D:7      | Killed an ogre
  1053 | D:7      | Reached skill level 6 in Crossbows
  1053 | D:7      | Reached XP level 6. HP: 25/46 MP: 10/10
  1209 | D:7      | Slain by a gnoll

Vault maps used:
D:1:      dpeg_arrival_tiny_h, item_on_display_a
D:2:      overflow_temple_1_default, lemuel_round_altar,
          grunt_temple_overflow_open, minmay_shallow_snake_nest
D:3:      minmay_door_path, first_bread, minmay_misc_feat_roman,
          minmay_misc_feat_columns, minmay_unequal, uniq_grinder, uniq_sigmund
D:4:      cheibriados_altar_1, uniq_edmund
D:5:      minmay_temple_entry_mist, uniq_prince_ribbit1
D:7:      old_standard_altar, uniq_menkaure

Action                   |  1- 3 |  4- 6 || total
-------------------------+-------+-------++-------
Melee: Spear             |    22 |       ||    22
       Trident           |       |    11 ||    11
       Hand crossbow     |       |     1 ||     1
 Fire: Hand crossbow     |    54 |    47 ||   101
Evoke: Wand              |       |     5 ||     5
  Use: Scroll            |     5 |     3 ||     8
       Potion            |     1 |     2 ||     3
 Stab: Sleeping          |     1 |       ||     1
  Eat: Chunk             |       |     1 ||     1
